 Dungeon Crawl Stone Soup version 0.17-a0-1533-g2f57bce (webtiles) character file.

3078 patman the Fighter (level 10, 0/81 HPs)
             Began as a Formicid Fighter on July 15, 2015.
             Was a Follower of Yredelemnul.
             Succumbed to a water moccasin's poison
             ... on level 8 of the Dungeon on July 16, 2015.
             The game lasted 00:17:46 (6157 turns).

patman the Fighter (Formicid Fighter)               Turns: 6157, Time: 00:17:47

Health: 0/81       AC: 21    Str: 23    XL:     10   Next: 12%
Magic:  15/15      EV:  5    Int:  9    God:    Yredelemnul [*.....]
Gold:   439        SH: 10    Dex: 13    Spells: 0 memorised, 9 levels left

rFire  + . .     SeeInvis +     b - +1 whip (venom)
rCold  . . .     Clarity  .     x - +2 plate armour {rF+}
rNeg   . . .     SustAt   .     c - +0 shield
rPois  .         Gourm    .     (helmet unavailable)
rElec  .         Spirit   .     n - +0 cloak
rCorr  .         Warding  .     A - +1 pair of gloves {Str+3}
rMut   .         Stasis   +     z - +1 pair of boots
MR     +....                    (no amulet)
Stlth  ..........               (no ring)
                                (no ring)

@: lethally poisoned (0 -> -4), injury mirror, somewhat resistant to hostile
enchantments, extremely unstealthy
A: permanent stasis, dig shafts and tunnels, four strong arms, antennae 3
a: Dig, Shaft Self, Animate Remains, Renounce Religion


You were on level 8 of the Dungeon.
You worshipped Yredelemnul.
Yredelemnul was aware of your devotion.
You were not hungry.

You visited 1 branch of the dungeon, and saw 8 of its levels.

You collected 439 gold pieces.

Inventory:

Hand weapons
 a - a +2 whip of electrocution
 b - a +1 whip of venom (weapon)
 u - a +0 blowgun
 E - a +0 flail
Missiles
 s - 8 tomahawks (quivered)
 t - 27 poisoned needles
Armour
 c - a +0 shield (worn)
 n - a +0 cloak (worn)
 x - a +2 plate armour of fire resistance (worn)
 z - a +1 pair of boots (worn)
 A - a +1 pair of gloves of strength (worn)
Scrolls
 m - 7 scrolls of remove curse
 p - a scroll of blinking {unknown}
 r - a scroll of immolation
 v - a scroll of enchant weapon
 y - a scroll of recharging
 D - a scroll of amnesia {unknown}
 G - a scroll of fog {unknown}
Potions
 d - a potion of might
 g - 2 potions of flight
 h - 4 potions of haste
 i - 2 potions of ambrosia
 j - a potion of lignification
 l - a potion of degeneration {unknown}
 o - a potion of invisibility {unknown}
 q - a potion of cancellation {unknown}
 w - a potion of curing {unknown}
 B - a potion of brilliance {unknown}
 C - a potion of poison {unknown}
 H - a potion of magic {unknown}
 I - a potion of heal wounds {unknown}
Comestibles
 e - 7 bread rations
 f - 2 meat rations
 k - 2 fruits
 F - a chunk of flesh


   Skills:
 * Level 8.3 Fighting
 - Level 7.0 Maces & Flails
 * Level 8.2 Armour
 - Level 3.6 Shields
 - Level 7.5 Invocations


You had 9 spell levels left.
You didn't know any spells.

Dungeon Overview and Level Annotations

Branches:
Dungeon (8/15)             Temple (0/1) D:4
   Lair: D:8-11

Altars:
Cheibriados
Dithmenos
Elyvilon
Gozag
Xom
Yredelemnul
The Shining One

Shops:
D:4 (

Annotations:
D:8 Gastronok, Grum, Prince Ribbit


Innate Abilities, Weirdness & Mutations

You are under a permanent stasis effect.
You can dig through walls and to a lower floor.
Your four strong arms can wield two-handed weapons with a shield.
You have a pair of large antennae on your head (SInv).


Message History

Your troll skeleton bites Gastronok!
Your troll skeleton claws Gastronok but does no damage.
Your troll skeleton claws Gastronok!
Gastronok mumbles some strange words.
Gastronok seems to move somewhat quicker.
Unknown command.
* * * LOW HITPOINT WARNING * * *
You feel sick.
The centaur shoots an arrow.
You block the arrow.
Your troll skeleton bites Gastronok.
Your troll skeleton claws Gastronok but does no damage.
Your troll skeleton claws Gastronok.
You see here an arrow.
* * * LOW HITPOINT WARNING * * *
You feel sick.
Gastronok waves his eye-stalks in wide circles.
Your troll skeleton is struck by the twisting air!
Your troll skeleton bites Gastronok!
Your troll skeleton claws Gastronok but does no damage. x2
You die...
Your body rises from the dead as a mindless zombie.

. #..........### ..
..$ #..............
.....#####.#......h..
.....r..w†...........
.>...###rZ.........##
... #.......###### .
#c..........{
##.).....####
##@#.....##
#.######## ##.# ###


You could see Gastronok, a centaur, a rat and a friendly troll skeleton.

Vanquished Creatures
  Erolcha (D:8)
  A troll (D:8)
  A hippogriff (D:7)
  A wolf (D:8)
  A sky beast (D:7)
  An ogre (D:7)
  A necrophage (D:7)
  3 ice beasts
  A scorpion (D:4)
  2 crimson imps (D:6)
  A centaur skeleton (D:4)
  3 hounds
  An orc wizard (D:7)
  8 worker ants
  A hound skeleton (D:4)
  7 adders
  An ooze (D:1)
  An adder skeleton (D:5)
  2 worms
  The ghost of patman the Vexing, a weakling FoWn of Fedhas (D:3)
  9 giant geckos
  6 orcs
  4 ball pythons
  A bat zombie (D:5)
  2 giant cockroaches
  17 goblins
  13 hobgoblins
  4 quokkas
  7 bats
  2 giant gecko skeletons (D:4)
  5 giant newts
  15 jackals
  14 kobolds
  21 rats
159 creatures vanquished.

Vanquished Creatures (collateral kills)
  Pikel (D:5)
  A water moccasin (D:8)
  2 ogres
  A hound (D:7)
  An iguana (D:5)
  An adder zombie (D:5)
  A goblin (D:4)
  A hobgoblin (D:5)
  A jackal (D:7)
  A rat (D:5)
11 creatures vanquished.

Vanquished Creatures (others)
  A hound zombie (D:7)
  An adder skeleton (D:6)
  An adder zombie (D:7)
  A giant gecko zombie (D:5)
  A jackal skeleton (D:4)
  A kobold zombie (D:7)
  An orc zombie (D:7)
7 creatures vanquished.

Grand Total: 177 creatures vanquished

Notes
Turn   | Place    | Note
--------------------------------------------------------------
     0 | D:1      | patman the Formicid Fighter began the quest for the Orb.
     0 | D:1      | Reached XP level 1. HP: 18/18 MP: 1/1
    97 | D:1      | Reached XP level 2. HP: 21/24 MP: 2/2
   432 | D:1      | Reached XP level 3. HP: 18/29 MP: 3/3
   600 | D:1      | Found a shimmering altar of Xom.
   992 | D:2      | Reached XP level 4. HP: 35/35 MP: 4/4
  1016 | D:2      | Reached skill level 4 in Maces & Flails
  1069 | D:2      | Found a glowing golden altar of the Shining One.
  1798 | D:3      | Found a shadowy altar of Dithmenos.
  1842 | D:3      | Noticed patman's ghost (weakling FoWn)
  1846 | D:3      | Killed patman's ghost
  1950 | D:3      | Found a basalt altar of Yredelemnul.
  1955 | D:3      | Became a worshipper of Yredelemnul the Dark
  1963 | D:3      | Reached XP level 5. HP: 41/41 MP: 5/5
  2043 | D:3      | Reached skill level 5 in Maces & Flails
  2347 | D:4      | Upgraded the game from 0.17-a0-1528-gfee3901 to 0.17-a0-1533-g2f57bce
  2383 | D:4      | Reached XP level 6. HP: 45/47 MP: 6/6
  2438 | D:4      | Reached skill level 6 in Maces & Flails
  2532 | D:4      | Found a staircase to the Ecumenical Temple.
  2545 | D:4      | Acquired Yredelemnul's first power
  2777 | D:4      | Reached skill level 1 in Invocations
  2922 | D:4      | Found Itusythro's Weapon Boutique.
  3130 | D:5      | Entered Level 5 of the Dungeon
  3227 | D:5      | Found an opulent altar of Gozag.
  3356 | D:5      | Reached XP level 7. HP: 30/52 MP: 6/9
  3778 | D:6      | Noticed Pikel
  3803 | D:5      | Killed Pikel
  3803 | D:5      | Reached skill level 7 in Invocations
  3803 | D:5      | Reached XP level 8. HP: 36/58 MP: 10/13
  4316 | D:6      | Found a white marble altar of Elyvilon.
  4472 | D:6      | Found a snail-covered altar of Cheibriados.
  4581 | D:7      | Acquired Yredelemnul's second power
  4670 | D:7      | Reached XP level 9. HP: 49/67 MP: 14/14
  4702 | D:7      | Reached skill level 5 in Fighting
  4872 | D:7      | Reached skill level 5 in Armour
  5723 | D:8      | Noticed Grum
  5733 | D:7      | You fall through a shaft!
  5737 | D:8      | Noticed a troll
  5739 | D:8      | Noticed Prince Ribbit
  5754 | D:8      | Noticed Gastronok
  5768 | D:8      | Killed a troll
  6121 | D:8      | Noticed Erolcha
  6127 | D:8      | Killed Erolcha
  6127 | D:8      | Reached skill level 8 in Fighting
  6127 | D:8      | Reached XP level 10. HP: 72/80 MP: 13/15
  6152 | D:8      | HP: 3/81 [Gastronok/the air (27)]
  6155 | D:8      | HP: 1/81 [poisoned by a water moccasin]
  6157 | D:8      | Succumbed to a water moccasin's poison

Vault maps used:
D:1:      evilmike_arrival_plus, xom_teletrap_fun
D:2:      tso_oasis_becter, first_bread
D:3:      lemuel_doored_altar, grunt_dithmenos_smoke_and_mirrors
D:4:      kennysheep_six_static_rooms, minmay_temple_entry_trees, serial_shops,
          nicolae_shop_crystal
D:5:      grunt_ministairs_13, minmay_door_square,
          nicolae_gozag_cash_rules_everything_around_me
D:6:      lemuel_coloured_pillars_altar, old_standard_altar, uniq_pikel
D:8:      erik_lair_island, uniq_prince_ribbit1, uniq_gastronok, uniq_grum,
          uniq_erolcha

Action                   |  1- 3 |  4- 6 |  7- 9 | 10-12 || total
-------------------------+-------+-------+-------+-------++-------
Melee: Flail             |   115 |    52 |       |       ||   167
       Whip              |       |   207 |   220 |     4 ||   431
Invok: Animate Remains   |       |     9 |    12 |       ||    21
       Injury Mirror     |       |       |       |     1 ||     1
 Abil: Dig               |       |       |     5 |       ||     5
       Shaft Self        |       |       |     1 |       ||     1
  Use: Scroll            |     2 |     2 |     4 |     1 ||     9
       Potion            |       |       |     1 |       ||     1
 Stab: Distracted        |       |       |     2 |       ||     2
  Eat: Chunk             |       |     7 |       |       ||     7
       Meat ration       |       |     1 |     2 |       ||     3
       Fruit             |       |       |     1 |       ||     1
